 Dungeon Crawl Stone Soup version 0.25.1-2-g60ff931df9 (webtiles) character file.

Game seed: 8197921061947750464

2181 nicanaca0 the Basher (level 9, 52/52 HPs)
             Began as a Gargoyle Berserker on Oct 22, 2020.
             Was an Elder of Trog.
             Quit the game on level 7 of the Dungeon on Oct 30, 2020.
             The game lasted 00:12:48 (6994 turns).

nicanaca0 the Basher (Gargoyle Berserker)           Turns: 6994, Time: 00:12:49

Health: 52/52      AC: 14    Str: 24    XL:     9   Next: 33%
Magic:  9/9        EV: 10    Int:  8    God:    Trog [****..]
Gold:   199        SH:  5    Dex:  9    Spells: 8/8 levels left

rFire    . . .     SeeInvis .   a - +1 morningstar
rCold    . . .     Gourm    .   i - +0 buckler
rNeg     + . .     Faith    .   w - +0 scale mail
rPois    ∞         Spirit   .   (no helmet)
rElec    +         Reflect  .   p - +0 cloak
rCorr    .         Harm     .   (no gloves)
MR       .....                  (no boots)
Stlth    +.........             (no amulet)
HPRegen  0.17/turn              r - ring of stealth
MPRegen  0.11/turn              (no ring)

@: no status effects
A: negative energy resistance 1, electricity resistance, unbreathing,
petrification resistance, rot immunity, AC +6
a: Berserk, Trog's Hand, Brothers in Arms, Renounce Religion


You were on level 7 of the Dungeon.
You worshipped Trog.
Trog was greatly pleased with you.
You were not hungry.

You visited 1 branch of the dungeon, and saw 7 of its levels.

You collected 251 gold pieces.
You spent 52 gold pieces at shops.

Inventory:

Hand Weapons
 a - a +1 morningstar (weapon)
 f - a +0 broad axe
 g - a +0 hand axe of electrocution
Missiles
 v - 10 curare-tipped darts (quivered)
Armour
 i - a +0 buckler (worn)
 p - a +0 cloak (worn)
 s - the +2 ratskin cloak {+Rats rPois rN+ Str-1 Int-1 Dex+1}
   (You found it on level 7 of the Dungeon)

   It affects your strength (-1).
   It affects your intelligence (-1).
   It affects your dexterity (+1).
   It protects you from poison.
   It protects you from negative energy.
 w - a +0 scale mail (worn)
Jewellery
 b - an uncursed amulet of the acrobat {unknown}
 r - a ring of stealth (left hand)
 u - an uncursed amulet of regeneration {unknown}
 z - an uncursed amulet of reflection {unknown}
Wands
 t - a wand of digging (3)
Scrolls
 h - 3 scrolls of remove curse
 j - 3 scrolls of identify
 o - 2 scrolls of magic mapping
 q - 4 scrolls of teleportation
 y - a scroll of enchant weapon
Potions
 d - a potion of heal wounds
 e - a potion of lignification {unknown}
 k - 3 potions of curing
 l - a potion of cancellation
 m - a potion of brilliance {unknown}
 n - 2 potions of invisibility
Comestibles
 c - 9 rations
 x - a chunk of flesh


   Skills:
 + Level 4.1 Fighting
 * Level 10.7 Maces & Flails
 + Level 3.3 Armour
 - Level 1.5 Dodging
 + Level 5.5 Shields


You had 8 spell levels left.
You didn't know any spells.
Your spell library was empty.

Dungeon Overview and Level Annotations

Branches:
Dungeon (7/15)             Temple (0/1) D:6

Altars:
Kikubaaqudgha
Makhleb

Shops:
D:4 ?   D:6 *

Annotations:
D:4 2 runed translucent doors, Frank's ghost, amateur DsGl


Innate Abilities, Weirdness & Mutations

You are resistant to torment.
Your stone body is resilient. (AC +6)
You are immune to poison.
You resist negative energy. (rN+)
You are resistant to electric shocks. (rElec)
You can survive without breathing.
You are immune to petrification.
You are immune to rotting.


Message History

Something hits you but does no damage.
No target in view!
No target in view!
No target in view!
No target in view!
No target in view!
You closely miss something. Something hits you but does no damage.
You thump something! Something hits you but does no damage.
You puncture something! Something hits you but does no damage.
You miss something. Something hits you but does no damage.
You closely miss something. Something completely misses you.
You closely miss something. Something hits you but does no damage.
You closely miss something. Something hits you but does no damage.
You miss something. You barely miss something.
Something hits you but does no damage.
You bludgeon something!! Trog accepts your kill.
Reactivating autopickup.
You feel a bit more experienced.
Are you sure you want to abandon this character and quit the game? (Confirm with "yes".)

.....#......#.##.#####.
#...#.##...#.##....##.
#...+......# #....##.
#..#...#.######.
#....##.
#...............
#....##.
#.######.#######
#....... #.# #.......
#.##.#... #.<.....
#@.....#####..#...
#†.#.###.#.#...... #..#
##.#.###.#### ....
##.##.##.#)..
.#.###.####.#..... ..
.##.#####.###.## ..
.#.##..###.##.## ...
##.#...###.##.##
#.##....#..##.#.


There were no monsters in sight!

Vanquished Creatures
  Grinder (D:4)
  Sigmund (D:2)
  A water moccasin (D:5)
  2 sky beasts (D:7)
  A necrophage (D:6)
  A phantom (D:7)
  A centaur (D:6)
  An ogre (D:7)
  2 bullfrogs
  2 scorpions
  A bullfrog zombie (D:7)
  A crimson imp (D:6)
  2 hounds
  3 orc priests (D:3)
  Crazy Yiuf (D:2)
  5 orc wizards
  A bullfrog skeleton (D:5)
  A centaur skeleton (D:4)
  An iguana (D:5)
  5 worker ants
  3 hell rats (D:7)
  10 adders
  5 river rats
  An ooze (D:5)
  An adder zombie (D:5)
  An adder skeleton (D:6)
  3 worms
  3 dart slugs
  6 leopard geckos
  22 orcs
  A ball python (D:1)
  15 giant cockroaches
  11 goblins
  8 hobgoblins
  10 jackals
  4 quokkas
  7 bats
  2 frilled lizards
  7 kobolds
  A leopard gecko zombie (D:6)
  27 rats
182 creatures vanquished.

Notes
Turn   | Place    | Note
-------+----------+-------------------------------------------
     0 | D:1      | nicanaca0 the Gargoyle Berserker began the quest for the
                  | Orb.
     0 | D:1      | Reached XP level 1. HP: 14/14 MP: 1/1
   217 | D:1      | Reached XP level 2. HP: 14/19 MP: 2/2
   538 | D:1      | Reached skill level 4 in Maces & Flails
   566 | D:1      | Reached XP level 3. HP: 19/23 MP: 3/3
  1100 | D:2      | Reached skill level 1 in Shields
  1265 | D:2      | Reached ** piety under Trog
  1348 | D:2      | Reached XP level 4. HP: 28/28 MP: 4/4
  1441 | D:2      | Noticed Sigmund
  1459 | D:2      | Killed Sigmund
  1459 | D:2      | Reached skill level 5 in Maces & Flails
  1459 | D:2      | Reached XP level 5. HP: 26/32 MP: 5/5
  1459 | D:2      | Reached XP level 6. HP: 29/37 MP: 6/6
  1599 | D:2      | Found a runed translucent door.
  1600 | D:2      | Noticed Crazy Yiuf
  1607 | D:2      | Killed Crazy Yiuf
  1800 | D:3      | Reached skill level 6 in Maces & Flails
  2335 | D:3      | HP: 1/37 [orc priest/divine providence (16)]
  2422 | D:3      | Reached XP level 7. HP: 39/41 MP: 7/7
  2477 | D:3      | Reached *** piety under Trog
  3092 | D:4      | Reached skill level 7 in Maces & Flails
  3374 | D:4      | Noticed Grinder
  3409 | D:4      | Paralysed by Grinder for 6 turns
  3419 | D:4      | Killed Grinder
  3612 | D:4      | Noticed Frank's ghost (amateur DsGl)
  3613 | D:4      | Found a large runed translucent door.
  3613 | D:4      | Found a large runed translucent door.
  3723 | D:4      | Reached skill level 5 in Shields
  3820 | D:4      | Reached XP level 8. HP: 44/46 MP: 8/8
  3844 | D:4      | Found Lizxyrod's Magic Scroll Shop.
  3847 | D:4      | Bought a scroll of identify for 26 gold pieces
  3847 | D:4      | Bought a scroll of identify for 26 gold pieces
  3941 | D:4      | Found an ancient bone altar of Kikubaaqudgha.
  4149 | D:5      | Entered Level 5 of the Dungeon
  4194 | D:5      | Reached skill level 8 in Maces & Flails
  4636 | D:5      | Reached skill level 9 in Maces & Flails
  4945 | D:6      | Found Fyssicy's Mass Market.
  4977 | D:6      | Reached **** piety under Trog
  5083 | D:6      | Found a burning altar of Makhleb.
  5356 | D:6      | Found a staircase to the Ecumenical Temple.
  5366 | D:6      | Reached skill level 10 in Maces & Flails
  5892 | D:7      | Reached XP level 9. HP: 46/51 MP: 9/9
  6096 | D:7      | Found the +2 ratskin cloak {+Rats rPois rN+ Str-1 Int-1
                  | Dex+1}
  6994 | D:7      | Quit the game

Illustrated notes

Levels and vault maps discovered:
D:1:      dpeg_arrival_rooms_c, layout_loops_ring, st_stairs_9
D:2:      layout_rooms, uniq_crazy_yiuf_cottage, uniq_sigmund
D:3:      minmay_roachtagon, layout_loops_ring, gup_sewer_entry_bubbles
D:4:      cheibrodos_old_hovel, layout_loops_ring, kiku_gazebo_garden_becter,
          ebering_ghost_disaster_area, first_ration, serial_shops,
          nicolae_shop_behind_doors, serial_park_tiny_1, uniq_grinder
D:5:      layout_basic
D:6:      layout_basic, minmay_temple_entry_gardened_gates, minmay_shop_mass,
          bloody_makhleb
D:7:      wander_guarded_unrand_ratskin, layout_basic

Skill      XL: |  1  2  3  4  5  6  7  8  9 |
---------------+----------------------------+-----
Maces & Flails | 4 5 6 7 10 | 10.7
Shields        | 1 2 3 5 |  5.5
Armour         | 3 |  3.3
Fighting       | 4 |  4.1
Dodging        | |  1.5

Action                   |  1- 3 |  4- 6 |  7- 9 || total
-------------------------+-------+-------+-------++-------
Melee: Mace              |   115 |   115 |       ||   230
       Morningstar       |       |    50 |   396 ||   446
       Hand axe          |       |       |    21 ||    21
Invok: Berserk           |       |     4 |     1 ||     5
       Trog's Hand       |       |     2 |     2 ||     4
  Use: Potion            |       |     1 |       ||     1
       Scroll            |       |       |    10 ||    10
  Eat: Chunk             |     2 |     8 |    13 ||    23
       Ration            |       |       |     1 ||     1
Armor: Leather armour    |    11 |       |       ||    11
       Ring mail         |    26 |   117 |    49 ||   192
       Scale mail        |       |       |   147 ||   147
Dodge: Dodged            |    73 |   118 |   197 ||   388
Block: Buckler           |    15 |    37 |    88 ||   140
